Map: Prion Terraces

Players

Nexus

  • Race: Terran Terran
  • League: Gold

SticklerMac - Winner!

  • Race: Zerg Zerg
  • League: Platinum

VOD

Have the link to the VOD?

Description

Time

  • Played on: Nov. 10, 2015, 7:56 p.m.
  • Length: 15:00
Show
View Real Time Build Order
Export as new Build Order

Nexus Terran 

Build Orders:  

Get SALT Encoding   

  12  0:02  SCV  
  13  0:19  SCV  
  14  0:22  Supply Depot  
  14  0:31  SCV  
  15  0:44  Barracks  
  15  0:47  SCV  
  16  0:52  Refinery  
  16  1:00  Refinery  
  16  1:02  SCV  
  17  1:14  SCV  
  18  1:30  Orbital Command  
  18  1:31  Marine  
  19  1:39  Supply Depot  
  19  1:44  Factory  
  19  1:49  Marine  
  20  1:57  SCV  
  21  2:07  Marine  
  22  2:22  SCV  
  23  2:28  Supply Depot, Factory Tech Lab  
  22  2:31  Factory  
  22  2:34  SCV  
  23  2:49  Siege Tank  
  23  2:50  SCV  
  27  2:54  Supply Depot  
  27  3:00  Infernal Pre-Igniter  
  27  3:03  SCV  
  28  3:08  Marine  
  29  3:14  Factory Reactor  
  29  3:15  SCV  
  30  3:24  Hellion  
  32  3:28  SCV  
  33  3:40  SCV  
  34  3:46  Armory, Hellion  
  36  3:50  Hellion  
  36  3:51  Hellion  
  40  4:07  Hellion  
  42  4:12  Hellion  
  42  4:13  Supply Depot  
  42  4:15  Hellion  
  46  4:23  SCV  
  47  4:34  Terran Vehicle Weapons Level 1  
  47  4:35  Supply Depot, Hellion x2  
  51  4:46  Hellion  
  53  4:57  Hellion x2  
  47  5:29  Hellion x2  
  47  5:30  Hellion  
  43  5:47  SCV  
  44  5:51  Hellion x3  
  50  6:03  Command Center  
  50  6:16  Siege Tank  
  50  6:18  Hellion x2  
  57  6:21  SCV  
  58  6:28  Starport  
  58  6:30  Supply Depot  
  58  6:33  Starport  
  58  7:05  Siege Tank  
  61  7:11  Starport Tech Lab  
  61  7:23  Hellbat x2  
  61  7:25  Starport Tech Lab  
  61  7:28  SCV  
  66  7:35  Banshee  
  69  7:40  Orbital Command  
  69  7:43  Refinery  
  69  7:48  SCV  
  70  7:54  Refinery  
  70  7:58  Widow Mine x2  
  70  8:01  SCV  
  75  8:07  SCV  
  79  8:20  Viking  
  81  8:31  Viking  
  83  8:39  Widow Mine  
  86  8:45  Siege Tank  
  85  9:05  Terran Vehicle Weapons Level 2  
  85  9:07  Widow Mine  
  85  9:08  Viking  
  89  9:10  Supply Depot  
  89  9:12  Supply Depot  
  89  9:19  Widow Mine  
  89  9:20  Siege Tank  
  89  9:21  Viking  
  96  9:34  Supply Depot  
  74  9:52  Banshee x2  
  64  9:54  Widow Mine x3  
  59  10:22  SCV x2  
  59  10:23  Siege Tank, Hellbat x2  
  65  10:42  Marine  
  56  10:43  Banshee, Orbital Command  
  56  10:44  Banshee  
  57  10:59  Marine  
  58  11:12  Hellbat x2  
  62  11:18  Marine  
  62  11:19  Siege Tank  
  62  11:33  Hellbat x2  
  66  11:40  Refinery  
  66  11:51  Siege Tank  
  66  11:54  Viking  
  71  11:55  Viking  
  73  12:02  Hellbat  
  73  12:08  Hellbat  
  77  12:11  SCV  
  78  12:17  Orbital Command  
  78  12:33  Siege Tank, Hellbat x2  
  78  12:36  Banshee  
  88  12:50  SCV x2  
  90  13:06  Refinery  
  90  13:08  SCV x2  
  90  13:10  Liberator  
  90  13:11  Refinery  
  92  13:21  Siege Tank, Hellbat x2  
  102  13:38  SCV  
  102  13:39  SCV  
  104  13:44  Refinery, Hellbat  
  104  13:45  Hellbat  
  108  13:57  Siege Tank  
  108  13:58  Liberator  
  114  14:18  Hellbat x2  
  118  14:29  Hellbat  
Show
View Real Time Build Order
Export as new Build Order

SticklerMac Zerg - Winner!

Build Orders: Hatch First 

Get SALT Encoding   

  12  0:01  Drone  
  13  0:09  Drone  
  14  0:17  Overlord  
  14  0:35  Drone x3  
  17  0:55  Hatchery  
  16  0:57  Drone  
  16  1:03  Extractor  
  16  1:04  Drone  
  17  1:16  Spawning Pool  
  16  1:22  Drone  
  16  1:23  Drone  
  18  1:31  Drone  
  19  1:40  Drone  
  20  1:54  Drone  
  21  2:05  Overlord  
  21  2:06  Queen  
  23  2:08  Queen  
  23  2:13  Zergling x4  
  27  2:17  Drone  
  28  2:33  Metabolic Boost, Drone x2  
  30  2:40  Baneling Nest  
  29  2:44  Overlord  
  29  2:45  Overlord  
  29  2:55  Overlord  
  29  2:57  Overlord  
  29  3:07  Drone x3  
  29  3:11  Drone  
  33  3:17  Zergling x2  
  34  3:29  Queen x2  
  34  3:32  Zergling x4  
  40  3:34  Zergling x2  
  40  3:35  Zergling x2  
  40  3:37  Zergling x2  
  40  3:39  Zergling x2  
  45  3:41  Zergling x2  
  45  3:43  Zergling x2  
  46  3:55  Zergling x4  
  47  4:03  Zergling x6  
  47  4:04  Zergling x8  
  54  4:14  Zergling x2  
  55  4:25  Drone x2  
  57  4:43  Zergling x6  
  60  4:45  Overlord x2  
  60  4:46  Overlord  
  60  4:51  Overlord x2  
  58  5:00  Hatchery  
  36  5:23  Roach Warren  
  35  6:07  Roach x4  
  35  6:08  Roach x4  
  51  6:19  Roach x5  
  61  6:27  Queen x2  
  61  6:29  Roach x5  
  75  6:39  Roach  
  77  6:43  Roach  
  79  6:49  Roach  
  81  6:58  Roach x2  
  81  6:59  Roach x4  
  81  7:01  Roach  
  95  7:04  Hatchery  
  94  7:11  Roach  
  96  7:20  Roach  
  98  7:31  Extractor  
  98  7:34  Drone, Extractor  
  98  7:35  Drone x3  
  100  7:43  Overlord x2  
  100  7:44  Overlord  
  100  7:58  Overlord x2  
  100  7:59  Overlord  
  100  8:08  Drone x3  
  100  8:09  Drone x4  
  107  8:15  Drone  
  107  8:18  Lair  
  108  8:27  Pneumatized Carapace  
  108  9:06  Roach x3  
  108  9:07  Roach x2, Zergling x2  
  108  9:08  Zergling x12  
  125  9:16  Extractor  
  124  9:17  Drone x2  
  124  9:18  Drone x3  
  124  9:19  Extractor  
  128  9:24  Drone  
  128  9:25  Drone  
  128  9:29  Roach x4  
  128  9:30  Roach x4  
  121  9:41  Roach x2  
  121  9:44  Roach  
  103  9:50  Roach  
  83  9:57  Roach x2  
  83  9:58  Zergling x14  
  83  9:59  Zergling x4  
  86  10:09  Overseer  
  86  10:15  Roach x2  
  90  10:24  Drone x3  
  90  10:25  Drone  
  94  10:40  Roach x6  
  94  10:41  Roach  
  99  11:01  Ravager  
  100  11:10  Overseer  
  100  11:11  Overseer  
  97  11:13  Drone x5  
  102  11:33  Drone  
  102  11:34  Drone x4  
  102  11:35  Drone x3  
  102  11:36  Drone  
  102  11:38  Extractor  
  110  11:58  Spire  
  109  12:14  Roach  
  109  12:15  Roach x10  
  131  12:21  Hydralisk Den  
  130  12:27  Evolution Chamber  
  130  12:29  Roach x3  
  135  12:30  Evolution Chamber  
  135  12:32  Ravager x2  
  135  12:33  Ravager x5  
  141  12:50  Roach x2  
  145  12:53  Overlord x4  
  145  12:55  Hatchery  
  144  12:59  Zerg Missile Weapons Level 1  
  144  13:00  Zerg Ground Armor Level 1  
  144  13:04  Overlord x4  
  144  13:05  Overlord x2  
  144  13:14  Muscular Augments  
  144  13:16  Hydralisk  
  144  13:17  Hydralisk x2  
  150  13:20  Hydralisk  
  150  13:21  Hydralisk  
  154  13:30  Hydralisk x6  
  154  13:31  Hydralisk x3  
  172  13:36  Roach x3  
  178  13:44  Queen  
  180  13:50  Hydralisk x3  
  186  14:00  Roach x3  
  192  14:05  Roach x3  
  192  14:09  Drone  
Tags
 
Add a new tag
Caveats
  • Supply blocks, unpowered buildings, or Contaminate may cause inaccurate times.
  • Supply counts are checked every 10 seconds.